 Dungeon Crawl Stone Soup version 0.21-a0-270-g8204059 (webtiles) character file.

4743 Atlas the Covert (level 10, -2/53 HPs)
             Began as a Vine Stalker Assassin on Sept 14, 2017.
             Was a Follower of Okawaru.
             Hit by a large rock thrown by a cyclops (25 damage)
             ... on level 8 of the Dungeon.
             The game lasted 00:10:09 (6058 turns).

Atlas the Covert (Vine Stalker Assassin)            Turns: 6058, Time: 00:10:10

Health: -2/53      AC:  7    Str: 14    XL:     10   Next: 46%
Magic:  0/17       EV: 14    Int: 11    God:    Okawaru [*.....]
Gold:   408        SH:  4    Dex: 19    Spells: 17/17 levels left

rFire    + . .     SeeInvis +   G - +0 rapier
rCold    x . .     Gourm    .   H - +0 buckler
rNeg     . . .     Faith    +   y - +1 leather armour
rPois    .         Spirit   +   z - +0 helmet
rElec    .         Reflect  .   d - +0 cloak
rCorr    .         Harm     .   (no gloves)
MR       +....     Clarity  +   (no boots)
Stlth    +++++.....             t - amulet of faith
HPRegen  0.57/turn              o - ring of see invisible
MPRegen  0.15/turn              a - ring of fire

@: no status effects
A: fangs 3, blurry vision 1, clarity, regeneration 1, magic shield, antimagic
bite, no potion heal 3, rot immunity, subdued magic 1
a: Heroism, Renounce Religion


You were on level 8 of the Dungeon.
You worshipped Okawaru.
Okawaru was aware of your devotion.
You were not hungry.

You visited 2 branches of the dungeon, and saw 9 of its levels.
You also visited: Ossuary.

You collected 408 gold pieces.

Inventory:

Hand Weapons
 b - a +0 blowgun
 G - a +0 rapier (weapon)
 N - the +4 whip "Ciesaone" {holy, Int+3 Dex-2 Stlth+}
   (You found it on level 6 of the Dungeon)

   It has been blessed by the Shining One to cause great damage to the undead
   and demons.
   It affects your intelligence (+3).
   It affects your dexterity (-2).
   It makes you more stealthy.
Missiles
 e - 45 poisoned needles
 f - 2 curare-tipped needles
 u - a throwing net (quivered)
 E - 3 needles of frenzy
Armour
 d - a +0 cloak (worn)
 w - a +2 robe of the Archmagi
 y - a +1 leather armour (worn)
 z - a +0 helmet (worn)
 H - a +0 buckler (worn)
Jewellery
 a - a ring of fire (right hand)
 o - a ring of see invisible (left hand)
 q - an uncursed ring of resist corrosion
 t - an amulet of faith (around neck)
Wands
 n - a wand of scattershot (4/9)
 J - a wand of confusion (35/48)
 M - a wand of confusion (23/48)
Scrolls
 c - a scroll of fog
 i - 3 scrolls of teleportation
 j - 2 scrolls of recharging
 k - 2 scrolls of enchant armour
 m - 2 scrolls of remove curse
 s - a scroll of amnesia
 K - a scroll of blinking
Potions
 h - 2 potions of lignification
 l - 2 potions of invisibility
 r - 2 potions of haste
 A - 6 potions of curing
 C - a potion of agility
 D - 2 potions of flight
 L - a potion of brilliance
Books
 F - a book of Misfortune

   Spells                             Type                      Level
   a - Confusing Touch                Hexes                        1
   b - Confuse                        Hexes                        3
   c - Gell's Gravitas                Translocation                3
   d - Petrify                        Transmutation/Earth          4
   e - Metabolic Englaciation         Hexes/Ice                    5
   f - Yara's Violent Unravelling     Hexes/Transmutation          5
Comestibles
 g - 3 bread rations
 p - 13 fruits
 v - 4 royal jellies
 x - 5 meat rations
 B - a chunk of flesh


   Skills:
 + Level 6.0 Fighting
 + Level 7.3 Short Blades
 + Level 5.0 Throwing
 + Level 5.1 Armour
 + Level 5.0 Dodging
 + Level 11.3 Stealth
 + Level 4.1 Spellcasting


You had 17 spell levels left.
You didn't know any spells.

Dungeon Overview and Level Annotations

Branches:
Dungeon (8/15)             Temple (1/1) D:7
   Lair: D:8-11

Altars:
Ashenzari
Cheibriados
Dithmenos
Elyvilon
Fedhas
Gozag
Hepliaklqana
Kikubaaqudgha
Makhleb
Nemelex Xobeh
Okawaru
Qazlal
Ru
Sif Muna
Trog
Uskayaw
Vehumet
Wu Jian
Xom
Yredelemnul
Zin
The Shining One

Shops:
D:7 (

Annotations:
D:5 2 transporters


Innate Abilities, Weirdness & Mutations

You have razor-sharp teeth.
Your natural rate of healing is unusually fast.
When hurt, damage is shared between your health and your magic reserves.
Your bite disrupts and absorbs the magic of your enemies.
Potions cannot restore your health.
You are immune to rotting.
Scrolls take you a little longer to read.
You possess an exceptional clarity of mind.
Your spells are a little easier to cast, but a little less powerful.


Message History

The orc wizard mumbles some strange words.
The orc wizard blinks!
The orc shouts!
You puncture the cyclops! You bite the cyclops! You drain its power.
The cyclops is moderately wounded.
The cyclops hits you!
You hit the cyclops but do no damage. You bite the cyclops, but do no damage.
The cyclops is moderately wounded.
The cyclops completely misses you.
You puncture the cyclops!
The cyclops is heavily wounded.
The orc closely misses you.
You hit the cyclops. You bite the cyclops. You drain its power.
You feel invigorated.
The cyclops is severely wounded.
The orc wizard casts a spell at you. The magic dart hits you!
The cyclops hits you!! You block the orc's attack.
You are too injured to fight recklessly!
The cyclops throws a large rock.
The large rock hits you!!
You die... ###.. ###.....[. ........ #...... #.... .ooZ

# #o##.#
#o.C.#
#@#### #.#
#.#######
#<.......
#..#.#####.
#.# #.. ...
..# .## #.#
# .#


You could see a cyclops, an orc wizard, 3 orcs and an adder zombie.

Vanquished Creatures
  Pikel (D:4)
  A hippogriff (D:6)
  Edmund (D:5)
  A water moccasin (D:7)
  An orc warrior (D:7)
  2 sky beasts
  3 ogres
  A centaur (D:5)
  A big kobold (D:7)
  A bullfrog (D:7)
  4 water moccasin zombies (Ossuary)
  3 howler monkeys (D:7)
  3 crimson imps
  2 centaur zombies
  5 orc priests
  2 jellies (D:6)
  3 hounds
  2 orc wizards
  An iguana (D:4)
  5 worker ants
  2 big kobold zombies (Ossuary)
  2 mummies (Ossuary)
  A howler monkey zombie (D:5)
  Robin (D:4)
  A worker ant zombie (D:7)
  7 adders
  A shadow imp (D:5)
  2 adder zombies (Ossuary)
  An adder skeleton (D:5)
  2 worms
  2 dart slugs
  A leopard gecko (D:7)
  9 orcs
  4 giant cockroaches
  2 gnoll zombies (Ossuary)
  20 goblins
  8 hobgoblins
  6 jackals
  4 quokkas
  4 ball pythons
  11 bats
  5 frilled lizards
  4 hobgoblin zombies (Ossuary)
  12 kobolds
  2 kobold zombies (Ossuary)
  6 orc zombies (Ossuary)
  9 rats
172 creatures vanquished.

Vanquished Creatures (others)
  A leopard gecko (D:4)
  A goblin (D:4)
2 creatures vanquished.

Grand Total: 174 creatures vanquished

Notes
Turn   | Place    | Note
-------+----------+-------------------------------------------
     0 | D:1      | Atlas the Vine Stalker Assassin began the quest for the Orb.
     0 | D:1      | Reached XP level 1. HP: 11/11 MP: 2/2
    88 | D:1      | Reached skill level 5 in Stealth
   309 | D:1      | Reached XP level 2. HP: 13/15 MP: 3/3
   778 | D:2      | Reached skill level 1 in Dodging
   778 | D:2      | Reached XP level 3. HP: 5/18 MP: 2/4
  1296 | D:2      | Reached skill level 6 in Stealth
  1398 | D:2      | Gained mutation: Your natural rate of healing is unusually fast. [Vine Stalker growth]
  1398 | D:2      | Reached XP level 4. HP: 17/23 MP: 5/5
  2747 | D:4      | Noticed an ogre
  2752 | D:4      | Killed an ogre
  2752 | D:4      | Reached skill level 7 in Stealth
  2752 | D:4      | Reached XP level 5. HP: 23/26 MP: 4/6
  2781 | D:4      | Reached skill level 1 in Armour
  2781 | D:4      | Reached XP level 6. HP: 13/30 MP: 0/7
  2883 | D:4      | Found a sand-covered staircase.
  2902 | Ossuary  | Entered an ossuary
  2997 | Ossuary  | Reached skill level 8 in Stealth
  3046 | Ossuary  | Reached XP level 7. HP: 13/35 MP: 6/8
  3549 | D:4      | Noticed Pikel
  3568 | D:4      | Killed Pikel
  3568 | D:4      | Gained mutation: You have razor-sharp teeth. [Vine Stalker growth]
  3568 | D:4      | Reached XP level 8. HP: 40/40 MP: 9/9
  3615 | D:4      | Noticed Robin
  3631 | D:4      | Killed Robin
  3941 | D:5      | Entered Level 5 of the Dungeon
  4038 | D:5      | Found a transporter.
  4066 | D:5      | Found a transporter.
  4118 | D:5      | Reached skill level 5 in Short Blades
  4252 | D:5      | Noticed Edmund
  4267 | D:5      | Reached skill level 9 in Stealth
  4305 | D:5      | Killed Edmund
  4758 | D:6      | Reached XP level 9. HP: 45/45 MP: 10/10
  4981 | D:6      | Found a sacrificial altar of Ru.
  5089 | D:6      | Got a faintly glowing whip
  5090 | D:6      | Identified the +4 whip "Ciesaone" {holy, Int+3 Dex-2 Stlth+} (You found it on level 6 of the Dungeon)
  5146 | D:7      | Gained mutation: Scrolls take you a little longer to read. [mutagenic meat]
  5148 | D:7      | Gained mutation: Your spells are a little easier to cast, but a little less powerful. [mutagenic meat]
  5149 | D:7      | Gained mutation: You possess an exceptional clarity of mind. [mutagenic meat]
  5184 | D:7      | Reached skill level 5 in Fighting
  5184 | D:7      | Reached skill level 5 in Armour
  5184 | D:7      | Reached skill level 11 in Stealth
  5184 | D:7      | Reached XP level 10. HP: 53/53 MP: 10/17
  5229 | D:7      | Found a shimmering altar of Xom.
  5231 | D:7      | Found a shimmering altar of Xom.
  5231 | D:7      | Found a shimmering altar of Xom.
  5382 | D:7      | Found a staircase to the Ecumenical Temple.
  5406 | Temple   | Entered the Ecumenical Temple
  5580 | Temple   | Became a worshipper of Warmaster Okawaru
  5714 | D:7      | Reached skill level 5 in Throwing
  5725 | D:7      | Found a shimmering altar of Xom.
  5731 | D:7      | Found a shimmering altar of Xom.
  5731 | D:7      | Found a shimmering altar of Xom.
  5733 | D:7      | Found a shimmering altar of Xom.
  5755 | D:7      | Found Lepu's Weapon Emporium.
  5823 | D:7      | Reached skill level 5 in Dodging
  5895 | D:7      | Found a bloodstained altar of Trog.
  6002 | D:7      | Reached * piety under Okawaru
  6052 | D:8      | Noticed a cyclops
  6058 | D:8      | Hit by a large rock thrown by a cyclops

Vault maps used:
D:1:      mrwooster_arrival_statue, kennysheep_crisscross, minmay_pentomino_z4
D:2:      minmay_fountain_box
D:4:      chequers_ossuary_entry_cave, uniq_robin, uniq_pikel
D:5:      gammafunk_steamed_eel, first_bread, uniq_edmund
D:6:      nicolae_ru_the_path_less_chosen
D:7:      nicolae_xom_altar_mimics, minmay_temple_entry_overgrown, serial_shops,
          shop, bloody_trog
D:8:      serial_shops, shop, the_bakery, kennysheep_generic_room_7, uniq_grum
Temple:   minmay_crystal_snake_temple
Ossuary:  ossuary_tomb_2

Skill      XL: |  1  2  3  4  5  6  7  8  9 10 |
---------------+-------------------------------+-----
Stealth        | 5 6 7 8 9 11 | 11.3
Throwing       | 2 4 5 |  5.0
Short Blades   | 2 3 4 5 6 7 |  7.3
Dodging        | 1 2 3 4 5 |  5.0
Fighting       | 2 3 5 6 |  6.0
Armour         | 1 3 5 |  5.1
Spellcasting   | 4 |  4.1

Action                   |  1- 3 |  4- 6 |  7- 9 | 10-12 || total
-------------------------+-------+-------+-------+-------++-------
Melee: Dagger            |    81 |   132 |   208 |       ||   421
       Bite              |    10 |    35 |    61 |    40 ||   146
       Rapier            |       |       |     2 |   120 ||   122
 Fire: Blowgun           |       |       |     8 |       ||     8
Throw: Throwing net      |       |     1 |     2 |     1 ||     4
Evoke: Wand              |       |       |       |     1 ||     1
  Use: Potion            |     3 |       |     5 |       ||     8
       Scroll            |       |    10 |     3 |     1 ||    14
 Stab: Sleeping          |    19 |    15 |    12 |       ||    46
       Held in net/web   |       |     1 |     1 |     1 ||     3
       Distracted        |       |       |       |     2 ||     2
  Eat: Chunk             |     1 |     6 |    10 |     3 ||    20
Armor: Robe              |    13 |     1 |     4 |       ||    18
       Leather armour    |       |    24 |    35 |    34 ||    93
Dodge: Dodged            |    45 |    53 |    86 |    83 ||   267
Block: Buckler           |       |       |       |     5 ||     5

Table legend:
 A = Spawn XP
 B = Non-spawn XP
 C = Spawn XP percentage of total XP
 D = Spawn monster count
 E = Non-spawn monster count
 F = Spawn count percentage of total count
 G = Total turns spent on level
                    A         B        C        D         E        F      G
               +---------+---------+-------+---------+---------+-------+---------
         Total |       0 |    4126 |   0.0 |       0 |     172 |   0.0 |  6058
               +---------+---------+-------+---------+---------+-------+---------
           D:1 |       0 |      27 |   0.0 |       0 |      18 |   0.0 |   724
           D:2 |       0 |      69 |   0.0 |       0 |      29 |   0.0 |   971
           D:3 |       0 |      46 |   0.0 |       0 |      18 |   0.0 |  1052
           D:4 |       0 |    1124 |   0.0 |       0 |      25 |   0.0 |   809
           D:5 |       0 |     627 |   0.0 |       0 |      16 |   0.0 |   770
           D:6 |       0 |     526 |   0.0 |       0 |      13 |   0.0 |   540
           D:7 |       0 |    1279 |   0.0 |       0 |      29 |   0.0 |   599
       Ossuary |       0 |     428 |   0.0 |       0 |      24 |   0.0 |   385
               +---------+---------+-------+---------+---------+-------+---------
